 Dungeon Crawl Stone Soup version 0.23.0-3-gf3c87f2 (webtiles) character file.

Game seed: 7507028684329519158

99 Kairos the Skirmisher (level 4, -1/24 HPs)
             Began as a Vine Stalker Fighter on Feb 22, 2019.
             Slain by an orc warrior
             ... wielding a +0 trident
              (12 damage)
             ... on level 3 of the Dungeon.
             The game lasted 00:02:24 (2212 turns).

Kairos the Skirmisher (Vine Stalker Fighter)        Turns: 2212, Time: 00:02:25

Health: -1/24      AC:  7    Str: 20    XL:     4   Next: 72%
Magic:  0/5        EV:  7    Int:  8    God:
Gold:   57         SH:  9    Dex: 13    Spells: 3/3 levels left

rFire    . . .     SeeInvis .   a - +1 war axe
rCold    + + .     Gourm    +   c - +0 shield
rNeg     . . .     Faith    .   b - +0 scale mail
rPois    .         Spirit   +   (no helmet)
rElec    .         Reflect  .   j - scarf {rC+ rF+}
rCorr    .         Harm     .   m - +0 pair of gloves
MR       .....                  (no boots)
Stlth    ..........             k - amulet of the gourmand
HPRegen  0.48/turn              l - ring of ice
MPRegen  0.09/turn              (no ring)

@: no status effects
A: fangs 2, regeneration 1, magic shield, antimagic bite, no potion heal 3, rot
immunity
a: no special abilities


You were on level 3 of the Dungeon.
You were not hungry.

You visited 1 branch of the dungeon, and saw 3 of its levels.

You collected 57 gold pieces.

Inventory:

Hand Weapons
 a - a +1 war axe (weapon)
Armour
 b - a +0 scale mail (worn)
 c - a +0 shield (worn)
 j - a scarf of resistance (worn)
 m - a +0 pair of gloves (worn)
Jewellery
 k - an amulet of the gourmand (around neck)
 l - a ring of ice (left hand)
Scrolls
 g - a scroll of immolation
 h - a scroll of amnesia {unknown}
 n - 2 scrolls of magic mapping {unknown}
 p - a scroll of noise {unknown}
Potions
 d - 3 potions of might
 e - a potion of magic
 i - a potion of brilliance
Comestibles
 f - 4 rations


   Skills:
 + Level 3.3 Fighting
 + Level 3.0 Axes
 + Level 2.9 Armour
 + Level 0.1 Dodging
 + Level 0.4 Stealth
 + Level 3.0 Shields


You had 3 spell levels left.
You didn't know any spells.
Your spell library was empty.

Dungeon Overview and Level Annotations

Branches:
Dungeon (3/15)

Altars:


Innate Abilities, Weirdness & Mutations

You have extremely sharp teeth.
Your natural rate of healing is unusually fast.
When hurt, damage is shared between your health and your magic reserves.
Your bite disrupts and absorbs the magic of your enemies.
Potions cannot restore your health.
You are immune to rotting.


Message History

You kill the dart slug!
You block the orc warrior's attack. The orc closely misses you.
You closely miss the orc warrior.
The orc warrior is moderately wounded.
You hit the orc. You miss the goblin. You block the goblin's attack.
The orc hits you but does no damage. You block the orc warrior's attack.
The goblin barely misses you.
Unknown command.
You hit the orc warrior.
The orc warrior is heavily wounded.
You slash the orc!
You kill the orc!
Your Axes skill increases to level 3!
You closely miss the goblin.
The orc warrior hits you with a +0 trident!
Ouch! That really hurt!
The goblin closely misses you.
The orc warrior hits you with a +0 trident!
Ouch! That really hurt!
You die...

.......##......
................
.......>........
..................
..................
..................
......o)g.........
..#.#.@........####
..........#.........
..........#.........
..........?.........
....................
....................
.............#+####
...............#######
.................###........


You could see an orc warrior and a goblin.

Vanquished Creatures
  A worker ant (D:3)
  An adder (D:3)
  An ooze (D:3)
  A worm (D:3)
  2 dart slugs
  2 leopard geckos (D:1)
  4 orcs (D:3)
  3 giant cockroaches
  6 hobgoblins
  3 jackals (D:2)
  6 kobolds
  3 quokkas
  7 bats
  A frilled lizard (D:1)
  3 goblins
  6 rats
50 creatures vanquished.

Notes
Turn   | Place    | Note
-------+----------+-------------------------------------------
     0 | D:1      | Kairos the Vine Stalker Fighter began the quest for the
                  | Orb.
     0 | D:1      | Reached XP level 1. HP: 11/11 MP: 2/2
   205 | D:1      | Reached XP level 2. HP: 5/16 MP: 3/3
  1053 | D:1      | Reached XP level 3. HP: 14/20 MP: 2/4
  2026 | D:3      | Gained mutation: Your natural rate of healing is unusually
                  | fast. [Vine Stalker growth]
  2026 | D:3      | Reached XP level 4. HP: 10/24 MP: 2/5
  2201 | D:3      | Noticed an orc warrior
  2212 | D:3      | Slain by an orc warrior

Skill      XL: |  1  2  3  4 |
---------------+-------------+-----
Fighting       | 3 |  3.3
Axes           | 2 3 |  3.0
Shields        | 3 |  3.0
Armour         | |  2.9
Dodging        | |  0.1
Stealth        | |  0.4

Action                   |  1- 3 |  4- 6 || total
-------------------------+-------+-------++-------
Melee: War axe           |   104 |    26 ||   130
       Bite              |    23 |    10 ||    33
  Use: Scroll            |     5 |       ||     5
       Potion            |     3 |       ||     3
  Eat: Chunk             |     3 |     1 ||     4
Armor: Scale mail        |    53 |    15 ||    68
Dodge: Dodged            |    35 |    14 ||    49
Block: Shield            |    71 |    14 ||    85
